[ AOE2 MATCH · #507871428 ]
UnrankedTurks vs Teutons
Player's team · WIN
Rival team · LOSS
[ REPLAY ANALYSIS · EXTRACTED FROM THE RECORDED GAME ]
Feudal
11:00
Castle
18:55
Imperial
37:29
| APM avg | 38.1 |
| APM peak | 94 |
| eAPM avg | 21.7 |
| Villagers / military | 110 / 86 |
Focus
⚔️ 26.6% · 🌾 73.4%
Scout Cavalry ×63 · Janissary ×6 · Mangonel ×5 · Spearman ×5 · Bombard Cannon ×4 · Trebuchet (Packed) ×3
Feudal
8:51
Castle
27:32
Imperial
35:41
| APM avg | 56.6 |
| APM peak | 120 |
| eAPM avg | 30.1 |
| Villagers / military | 134 / 31 |
Focus
⚔️ 39.3% · 🌾 60.7%
Monk ×8 · Scout Cavalry ×8 · Spearman ×6 · Trebuchet (Packed) ×6 · Teutonic Knight ×3
Match map
Initial resources + every placement click. Lines = walls · curves = elevation contours. ◆ gold · ⬟ stone · ● berries · ✦ relic · ◌ wall gap
Your base· ✓ Closed at 18:55 · 3t walls · 3 gate(s)
CeCa_Mascherano014's base· ✓ Closed at 27:32 · 1t walls · 2 gate(s)
Smoothed initial terrain · ◌ = detected wall gap · hover for details
Inputs per minute
— Marbas - - CeCa_Mascherano014
Build order — Marbas
First 150 of 310 actions detected
| 0:01 | Queue | Villager (Male) |
| 0:01 | Queue | Villager (Male) |
| 0:01 | Queue | Villager (Male) |
| 0:02 | Build | House |
| 0:03 | Build | House |
| 0:29 | Queue | Villager (Male) |
| 1:37 | Queue | Villager (Male) |
| 1:38 | Queue | Villager (Male) |
| 1:44 | Build | Lumber Camp |
| 2:01 | Queue | Villager (Male) |
| 2:20 | Queue | Villager (Male) |
| 2:58 | Research | Loom |
| 2:58 | Queue | Villager (Male) |
| 2:59 | Queue | Villager (Male) |
| 2:59 | Queue | Villager (Male) |
| 3:27 | Build | House |
| 3:28 | Build | House |
| 3:50 | Queue | Villager (Male) |
| 3:50 | Queue | Villager (Male) |
| 4:21 | Build | Mill |
| 4:25 | Queue | Villager (Male) |
| 4:56 | Queue | Villager (Male) |
| 5:28 | Queue | Villager (Male) |
| 5:31 | Queue | Villager (Male) |
| 5:32 | Build | Farm |
| 6:16 | Queue | Villager (Male) |
| 6:16 | Queue | Villager (Male) |
| 6:22 | Build | Farm |
| 6:47 | Build | Farm |
| 7:07 | Queue | Villager (Male) |
| 7:07 | Queue | Villager (Male) |
| 7:07 | Queue | Villager (Male) |
| 7:17 | Build | House |
| 7:23 | Build | House |
| 8:05 | Build | Mining Camp |
| 8:23 | Queue | Villager (Male) |
| 8:43 | Research | Feudal Age |
| 8:46 | Build | Mining Camp |
| 10:03 | Research | Loom |
| 10:04 | Queue | Villager (Male) |
| 10:04 | Queue | Villager (Male) |
| 11:00 | Age | Feudal Age |
| 11:09 | Queue | Villager (Male) |
| 11:30 | Queue | Villager (Male) |
| 11:30 | Queue | Villager (Male) |
| 11:48 | Queue | Villager (Male) |
| 11:53 | Build | Palisade Wall |
| 12:13 | Queue | Villager (Male) |
| 12:20 | Queue | Villager (Male) |
| 12:41 | Build | House |
| 12:44 | Build | Palisade Gate |
| 13:03 | Build | Watch Tower |
| 13:09 | Queue | Villager (Male) |
| 13:09 | Queue | Villager (Male) |
| 13:29 | Research | Double-Bit Axe |
| 13:29 | Research | Horse Collar |
| 13:52 | Build | Blacksmith |
| 14:15 | Build | Watch Tower |
| 14:18 | Build | House |
| 14:20 | Build | House |
| 14:47 | Build | Farm |
| 14:47 | Build | Farm |
| 14:47 | Build | Farm |
| 14:47 | Build | Farm |
| 14:48 | Build | Farm |
| 15:41 | Build | Market |
| 15:49 | Build | House |
| 16:00 | Build | House |
| 16:02 | Build | House |
| 16:06 | Build | Palisade Wall |
| 16:15 | Research | Castle Age |
| 17:38 | Build | Watch Tower |
| 17:51 | Build | Mining Camp |
| 18:25 | Build | House |
| 18:50 | Build | House |
| 18:50 | Build | House |
| 18:54 | Queue | Villager (Male) |
| 18:54 | Queue | Villager (Male) |
| 18:55 | Age | Castle Age |
| 18:59 | Build | Siege Workshop |
| 19:20 | Queue | Villager (Male) |
| 19:22 | Research | Bow Saw |
| 19:25 | Queue | Mangonel |
| 19:48 | Queue | Mangonel |
| 19:57 | Queue | Villager (Male) |
| 20:14 | Build | Farm |
| 20:30 | Research | Gold Mining |
| 20:39 | Build | Farm |
| 20:44 | Queue | Mangonel |
| 20:50 | Queue | Villager (Male) |
| 21:25 | Queue | Villager (Male) |
| 21:25 | Queue | Villager (Male) |
| 21:31 | Queue | Mangonel |
| 21:32 | Queue | Villager (Male) |
| 21:32 | Queue | Villager (Male) |
| 22:16 | Queue | Villager (Male) |
| 22:16 | Queue | Villager (Male) |
| 22:19 | Build | Market |
| 22:30 | Queue | Villager (Male) |
| 23:05 | Build | Barracks |
| 23:09 | Queue | Villager (Male) |
| 23:25 | Build | Palisade Wall |
| 23:31 | Build | Barracks |
| 23:57 | Build | House |
| 24:10 | Queue | Spearman |
| 24:22 | Queue | Mangonel |
| 24:33 | Queue | Villager (Male) |
| 24:33 | Queue | Villager (Male) |
| 24:37 | Build | Town Center |
| 24:46 | Build | Farm |
| 24:46 | Build | Farm |
| 24:46 | Build | Farm |
| 24:52 | Queue | Spearman |
| 24:54 | Queue | Spearman |
| 25:15 | Queue | Spearman |
| 25:40 | Queue | Spearman |
| 25:41 | Queue | Villager (Male) |
| 25:41 | Queue | Villager (Male) |
| 25:49 | Build | Farm |
| 26:25 | Queue | Villager (Male) |
| 26:25 | Queue | Villager (Male) |
| 26:25 | Queue | Villager (Male) |
| 26:27 | Build | Farm |
| 26:40 | Queue | Villager (Male) |
| 26:42 | Build | Lumber Camp |
| 26:53 | Build | Stone Wall |
| 27:18 | Queue | Villager (Male) |
| 27:20 | Build | Farm |
| 27:21 | Build | Farm |
| 27:29 | Build | Mining Camp |
| 27:40 | Queue | Villager (Male) |
| 27:40 | Queue | Villager (Male) |
| 27:41 | Queue | Villager (Male) |
| 27:43 | Build | Farm |
| 27:44 | Build | Farm |
| 27:44 | Build | Farm |
| 27:44 | Build | Farm |
| 27:44 | Build | Farm |
| 27:45 | Build | Farm |
| 28:06 | Build | Farm |
| 28:09 | Queue | Villager (Male) |
| 28:10 | Queue | Villager (Male) |
| 28:10 | Queue | Villager (Male) |
| 28:36 | Queue | Villager (Male) |
| 28:37 | Queue | Villager (Male) |
| 28:39 | Build | Farm |
| 28:55 | Research | Stone Mining |
| 28:58 | Build | Town Center |
| 29:10 | Queue | Villager (Male) |
| 29:10 | Queue | Villager (Male) |
Build order — CeCa_Mascherano014
First 150 of 285 actions detected
| 0:01 | Queue | Villager (Male) |
| 0:01 | Queue | Villager (Male) |
| 0:01 | Queue | Villager (Male) |
| 0:02 | Queue | Villager (Male) |
| 0:02 | Queue | Villager (Male) |
| 0:03 | Build | House |
| 0:05 | Build | House |
| 1:31 | Queue | Villager (Male) |
| 1:32 | Queue | Villager (Male) |
| 1:44 | Queue | Villager (Male) |
| 1:51 | Build | Lumber Camp |
| 2:16 | Queue | Villager (Male) |
| 2:16 | Queue | Villager (Male) |
| 2:49 | Queue | Villager (Male) |
| 2:54 | Queue | Villager (Male) |
| 2:54 | Queue | Villager (Male) |
| 3:20 | Queue | Villager (Male) |
| 3:20 | Queue | Villager (Male) |
| 3:51 | Queue | Villager (Male) |
| 3:52 | Queue | Villager (Male) |
| 3:58 | Build | House |
| 4:10 | Queue | Villager (Male) |
| 4:11 | Queue | Villager (Male) |
| 4:11 | Queue | Villager (Male) |
| 4:33 | Queue | Villager (Male) |
| 4:33 | Queue | Villager (Male) |
| 4:39 | Queue | Villager (Male) |
| 4:40 | Queue | Villager (Male) |
| 4:43 | Build | Mining Camp |
| 5:03 | Queue | Villager (Male) |
| 5:03 | Queue | Villager (Male) |
| 5:11 | Queue | Villager (Male) |
| 5:16 | Queue | Villager (Male) |
| 5:34 | Queue | Villager (Male) |
| 5:34 | Queue | Villager (Male) |
| 5:44 | Queue | Villager (Male) |
| 5:45 | Queue | Villager (Male) |
| 5:45 | Queue | Villager (Male) |
| 5:59 | Research | Loom |
| 6:35 | Research | Feudal Age |
| 7:26 | Queue | Villager (Male) |
| 7:32 | Build | House |
| 7:43 | Build | Palisade Wall |
| 7:56 | Queue | Villager (Male) |
| 8:41 | Queue | Villager (Male) |
| 8:51 | Age | Feudal Age |
| 8:58 | Research | Double-Bit Axe |
| 9:05 | Build | Watch Tower |
| 9:14 | Build | Watch Tower |
| 9:16 | Queue | Villager (Male) |
| 9:20 | Queue | Villager (Male) |
| 9:24 | Build | Mill |
| 9:33 | Queue | Villager (Male) |
| 9:41 | Research | Town Watch |
| 9:42 | Queue | Villager (Male) |
| 10:02 | Queue | Villager (Male) |
| 10:10 | Build | House |
| 10:13 | Build | Blacksmith |
| 10:28 | Queue | Villager (Male) |
| 10:28 | Queue | Villager (Male) |
| 10:51 | Build | House |
| 10:58 | Build | Watch Tower |
| 11:23 | Queue | Villager (Male) |
| 11:50 | Build | Watch Tower |
| 12:01 | Queue | Villager (Male) |
| 12:02 | Queue | Villager (Male) |
| 12:02 | Queue | Villager (Male) |
| 12:34 | Build | Farm |
| 12:53 | Queue | Villager (Male) |
| 12:53 | Queue | Villager (Male) |
| 12:55 | Build | Farm |
| 12:58 | Build | Farm |
| 13:11 | Build | Farm |
| 13:11 | Build | Farm |
| 13:12 | Build | Farm |
| 13:12 | Build | Farm |
| 13:12 | Build | Farm |
| 13:28 | Build | Watch Tower |
| 13:45 | Queue | Villager (Male) |
| 13:46 | Queue | Villager (Male) |
| 14:15 | Research | Fletching |
| 14:15 | Research | Fletching |
| 14:19 | Build | Farm |
| 14:38 | Queue | Villager (Male) |
| 14:38 | Queue | Villager (Male) |
| 14:58 | Queue | Villager (Male) |
| 14:58 | Queue | Villager (Male) |
| 15:03 | Queue | Villager (Male) |
| 15:10 | Build | Farm |
| 15:28 | Queue | Villager (Male) |
| 15:43 | Build | Watch Tower |
| 15:48 | Queue | Villager (Male) |
| 16:00 | Queue | Villager (Male) |
| 16:03 | Queue | Villager (Male) |
| 16:23 | Queue | Villager (Male) |
| 16:35 | Queue | Villager (Male) |
| 16:35 | Queue | Villager (Male) |
| 16:50 | Build | House |
| 16:51 | Build | House |
| 17:03 | Queue | Villager (Male) |
| 17:04 | Queue | Villager (Male) |
| 17:21 | Queue | Villager (Male) |
| 17:29 | Queue | Villager (Male) |
| 17:38 | Build | Watch Tower |
| 17:45 | Queue | Villager (Male) |
| 18:10 | Queue | Villager (Male) |
| 18:10 | Queue | Villager (Male) |
| 18:14 | Build | Mining Camp |
| 18:23 | Queue | Villager (Male) |
| 18:24 | Queue | Villager (Male) |
| 18:24 | Queue | Villager (Male) |
| 18:49 | Queue | Villager (Male) |
| 19:07 | Queue | Villager (Male) |
| 19:07 | Queue | Villager (Male) |
| 19:08 | Queue | Villager (Male) |
| 19:08 | Queue | Villager (Male) |
| 19:08 | Queue | Villager (Male) |
| 19:10 | Build | Barracks |
| 19:14 | Queue | Villager (Male) |
| 19:28 | Queue | Villager (Male) |
| 19:47 | Build | Watch Tower |
| 19:49 | Queue | Villager (Male) |
| 19:58 | Queue | Villager (Male) |
| 20:22 | Queue | Villager (Male) |
| 20:43 | Build | Stable |
| 20:54 | Queue | Villager (Male) |
| 20:58 | Build | House |
| 20:59 | Build | House |
| 21:05 | Queue | Villager (Male) |
| 21:10 | Queue | Villager (Male) |
| 21:28 | Queue | Villager (Male) |
| 21:59 | Queue | Villager (Male) |
| 22:03 | Research | Horse Collar |
| 22:08 | Queue | Villager (Male) |
| 22:09 | Build | Farm |
| 22:10 | Build | Farm |
| 22:11 | Build | Farm |
| 22:13 | Queue | Scout Cavalry |
| 22:13 | Queue | Scout Cavalry |
| 22:20 | Queue | Villager (Male) |
| 22:25 | Queue | Villager (Male) |
| 22:49 | Build | House |
| 23:00 | Build | Watch Tower |
| 23:10 | Queue | Scout Cavalry |
| 23:27 | Build | Watch Tower |
| 23:41 | Queue | Scout Cavalry |
| 23:50 | Queue | Villager (Male) |
| 23:52 | Build | Market |
| 24:13 | Queue | Villager (Male) |
| 24:13 | Queue | Villager (Male) |
Match timeline
| 7:43 | CeCa_Mascherano014 · wall_segment Palisade Wall x1 |
| 8:51 | CeCa_Mascherano014 · age_up feudal |
| 11:00 | Marbas · age_up feudal |
| 11:53 | Marbas · wall_segment Palisade Wall x1 |
| 16:06 | Marbas · wall_segment Palisade Wall x2 |
| 17:30 | Marbas · first_market_buy 100 stone |
| 18:55 | Marbas · age_up castle |
| 18:59 | Marbas · first_building Siege Workshop |
| 19:10 | CeCa_Mascherano014 · first_building Barracks |
| 20:43 | CeCa_Mascherano014 · first_building Stable |
| 23:05 | Marbas · first_building Barracks |
| 23:25 | Marbas · wall_segment Palisade Wall x1 |
| 24:49 | CeCa_Mascherano014 · first_market_buy 100 food |
| 26:53 | Marbas · wall_segment Stone Wall x1 |
| 27:32 | CeCa_Mascherano014 · age_up castle |
| 27:40 | CeCa_Mascherano014 · first_market_sell 100 wood |
| 27:58 | CeCa_Mascherano014 · first_building Monastery |
| 30:25 | Marbas · first_building Stable |
| 31:19 | Marbas · first_building Monastery |
| 33:45 | Marbas · first_building Castle |
| 33:50 | CeCa_Mascherano014 · first_building Castle |
| 35:41 | CeCa_Mascherano014 · age_up imperial |
| 37:29 | Marbas · age_up imperial |
| 41:15 | CeCa_Mascherano014 · resign |
[ AI ANALYSIS · 1 CREDIT ]
What really happened in this match?
Wolo.gg analyzes every decision: build order, eco, micro, common mistakes by bracket. Personalized analysis on WhatsApp or Discord in 30 seconds.
Civ guide
Turks
Perfil
Jugador #1322448